 Dungeon Crawl Stone Soup version 0.28.0-53-g5a82cb258f (webtiles) character file.

Game seed: 2674761885691761722

250 Zeld the Chopper (level 5, -2/72 HPs)
             Began as a Minotaur Berserker on June 9, 2022.
             Was a Follower of Trog.
             Slain by a hobgoblin (4 damage)
             ... on level 4 of the Dungeon.
             The game lasted 00:01:03 (1428 turns).

Zeld the Chopper (Minotaur Berserker)               Turns: 1428, Time: 00:01:04

Health: -2/72      AC:  2    Str: 24    XL:     5   Next: 88%
Magic:  4/4        EV: 12    Int:  4    God:    Trog [*.....]
Gold:   13         SH:  0    Dex:  9    Spells: 4/4 levels left

rFire   . . .      SeeInvis .   a - +0 hand axe
rCold   . . .      Faith    .   (no shield)
rNeg    . . .      Spirit   .   b - +0 animal skin
rPois   .          Reflect  .   f - +0 hat
rElec   .          Harm     .   (no cloak)
rCorr   +          Rampage  .   (no gloves)
Will    .....                   (no boots)
Stlth   ..........              (no amulet)
HPRegen 0.22/turn               e - ring of resist corrosion
MPRegen 0.09/turn               (no ring)

@: berserking (expiring), very quick
A: horns 2, retaliatory headbutt
a: Renounce Religion, Berserk


You were on level 4 of the Dungeon.
You worshipped Trog.
Trog was aware of your devotion.
You visited 1 branch of the dungeon, and saw 4 of its levels.

You collected 13 gold pieces.

Inventory:

Hand Weapons
 a - a +0 hand axe (weapon)
Armour
 b - a +0 animal skin (worn)
 f - a +0 hat (worn)
Jewellery
 e - a ring of resist corrosion (left hand)
 g - a ring of protection from cold
Scrolls
 h - a scroll of teleportation {unknown}
Potions
 c - a potion of lignification {unknown}
 d - a potion of flight {unknown}


   Skills:
 * Level 5.4 Fighting
 * Level 5.4 Axes
 + Level 3.7 Armour
 + Level 3.4 Dodging


You had 4 spell levels left.
You didn't know any spells.
Your spell library was empty.

Dungeon Overview and Level Annotations

Branches:
Dungeon (4/15)
 Temple: D:4-7

Altars:


Innate Abilities, Weirdness & Mutations

You have a pair of horns on your head.
You reflexively headbutt those who attack you in melee.


Message History

You kill the adder!
Trog accepts your kill.
You fail to use your ability.
The scorpion stings you!
You closely miss the scorpion. The scorpion stings you.
You hit the scorpion.
The scorpion is moderately wounded.
The scorpion stings you.
Unknown command.
You are too injured to fight recklessly!
You barely miss the scorpion.
The scorpion is moderately wounded.
The scorpion closely misses you.
Unknown command.
You barely miss the scorpion. Your headbutt misses the scorpion.
The scorpion is moderately wounded.
The scorpion stings you. The scorpion stings you!
* * * LOW HITPOINT WARNING * * *
You are too injured to fight recklessly!
Unknown command.
A red film seems to cover your vision as you go berserk!
You feel yourself moving faster!
You feel mighty! The scorpion stings you.
* * * LOW HITPOINT WARNING * * *
You hit the scorpion. Your headbutt misses the scorpion.
The scorpion is heavily wounded.
The scorpion closely misses you.
Unknown command.
You barely miss the scorpion.
The scorpion is heavily wounded.
The scorpion stings you!
* * * LOW HITPOINT WARNING * * *
Unknown command.
You slice the scorpion!!
You kill the scorpion!
Trog accepts your kill.
Found 2 javelins and 11 bolts.
There is an open door here.
You see here a scorpion corpse.
Unknown command.
You closely miss the hobgoblin. The hobgoblin hits you.
You die...

### ##(( #... +...
#### #.g##..##
#@....# #.. ##....#
#.# ##..## #.# ##'##
###.## ##..## ....#
+....# #...####
##....# #.......
##'#..## #.<.#
+#####..########...#


You could see a hobgoblin.

Vanquished Creatures
  A necrophage (D:4)
  2 scorpions (D:4)
  4 adders
  2 endoplasms
  A giant cockroach (D:4)
  A hobgoblin (D:2)
  A kobold (D:4)
  2 quokkas (D:3)
14 creatures vanquished.

Notes
Turn   | Place    | Note
-------+----------+-------------------------------------------
     0 | D:1      | Zeld the Minotaur Berserker began the quest for the Orb.
     0 | D:1      | Reached XP level 1. HP: 19/19 MP: 0/0
   153 | D:2      | Reached XP level 2. HP: 12/27 MP: 1/1
   817 | D:4      | Noticed a scorpion
   825 | D:4      | Killed a scorpion
   826 | D:4      | Reached XP level 3. HP: 34/34 MP: 2/2
   826 | D:4      | Reached XP level 4. HP: 41/41 MP: 3/3
   877 | D:4      | Noticed a necrophage
   887 | D:4      | Killed a necrophage
   888 | D:4      | Reached skill level 5 in Fighting
   888 | D:4      | Reached skill level 5 in Axes
   888 | D:4      | Reached XP level 5. HP: 13/48 MP: 4/4
  1425 | D:4      | HP: 2/72 [scorpion (7)]
  1428 | D:4      | Slain by a hobgoblin

Illustrated notes

Levels and vault maps discovered:
D:1:      lightli_arrival_maybe_door_vault, layout_basic, columned_hall_lemuel
D:2:      layout_basic, serial_shops, shop, shop, shop, shop
D:3:      layout_basic, mainiacjoe_overflow_alcove_2,
          shapermc_ecumenical_altar_mp_urbaneastern
D:4:      minmay_bubble_buster, layout_loops_ring, nicolae_shop_gadgets

Skill      XL: |  1  2  3  4 |
---------------+-------------+-----
Fighting       | 4 5 |  5.4
Axes           | 4 5 |  5.4
Armour         | 3 |  3.7
Dodging        | 3 |  3.4

Action                   |  1- 3 |  4- 6 || total
-------------------------+-------+-------++-------
Melee: Hand axe          |    28 |    24 ||    52
       Headbutt          |     5 |     1 ||     6
Invok: Berserk           |     1 |     1 ||     2
Armor: Animal skin       |     3 |       ||     3
Dodge: Dodged            |    15 |    10 ||    25
